 Dungeon Crawl Stone Soup version 0.24-a0-618-ge4662a2 (webtiles) character file.

Game seed: 7954895821286286927, levelgen mode: deterministic

202 BoppinsLewinski the Chopper (level 5, -6/45 HPs)
             Began as a Centaur Fighter on Sept 16, 2019.
             Mangled by an ogre
             ... wielding a +0 giant club
              (18 damage)
             ... on level 4 of the Dungeon.
             The game lasted 00:03:28 (2517 turns).

BoppinsLewinski the Chopper (Centaur Fighter)       Turns: 2517, Time: 00:03:28

Health: -6/45      AC:  6    Str: 24    XL:     5   Next: 50%
Magic:  5/5        EV:  7    Int:  7    God:
Gold:   131        SH:  0    Dex:  9    Spells: 4/4 levels left

rFire    . . .     SeeInvis .   a - +0 war axe
rCold    . . .     Gourm    .   (no shield)
rNeg     . . .     Faith    .   b - +0 scale mail
rPois    .         Spirit   .   (no helmet)
rElec    .         Reflect  .   (no cloak)
rCorr    .         Harm     .   (no gloves)
MR       .....                  (no barding)
Stlth    ..........             (no amulet)
HPRegen  0.15/turn              (no ring)
MPRegen  0.09/turn              (no ring)

@: mighty, lightly drained, very quick
A: large, hooves 3, deformed body, speed 2, tough skin 3
a: no special abilities


You were on level 4 of the Dungeon.
You were very hungry.

You visited 1 branch of the dungeon, and saw 4 of its levels.

You collected 131 gold pieces.

Inventory:

Hand Weapons
 a - a +0 war axe (weapon)
Armour
 b - a +0 scale mail (worn)
 c - a +0 shield
Jewellery
 o - an uncursed ring of stealth {unknown}
 r - an uncursed ring of protection from cold {unknown}
Scrolls
 e - 4 scrolls of identify {unknown}
 j - 3 scrolls of teleportation {unknown}
 k - a scroll of remove curse {unknown}
 l - a scroll of blinking {unknown}
 n - a scroll of enchant weapon {unknown}
 p - a scroll of magic mapping {unknown}
 q - a scroll of enchant armour {unknown}
Potions
 d - 2 potions of might
 g - 6 potions of curing
 h - a potion of lignification {unknown}
 i - a potion of degeneration {unknown}
 m - a potion of mutation {unknown}
Comestibles
 f - 9 rations


   Skills:
 - Level 3.0(2.7) Fighting
 * Level 5.3(5.1) Axes
 - Level 2.1(1.9) Armour
 - Level 2.1(1.9) Shields


You had 4 spell levels left.
You didn't know any spells.
Your spell library was empty.

Dungeon Overview and Level Annotations

Branches:
Dungeon (4/15)
 Temple: D:4-7

Altars:
Qazlal

Annotations:
D:3 2 transporters


Innate Abilities, Weirdness & Mutations

You have hooves in place of feet.
Armour fits poorly on your strangely shaped body.
You cover ground very quickly.
You have extremely tough skin. (AC +3)


Message History

Ye closely miss tha orc wizard.
Tha orc wizard hits ye but does nay damage.
Ye feel drain'd.
Tha orc throws a javelin.
Tha javelin pierces through ye!
Tha ogre barely misses ye.
Tha orc throws a javelin.
Tha javelin pierces through ye.
Tha orc wizard gestures at ye while chantin'.
Tha magic dart hits ye.
Ye feel very mighty all o' a sudd'n.
Ye be too injured ta fight recklessly!
Unknown command.
Ye be too injured ta fight recklessly!
Unknown command.
Ye barely miss tha ogre.
Ye kick tha ogre!
Tha ogre be severely wounded.
Tha ogre hits ye wit' a +0 giant club!
* * * LOW HITPOINT WARNIN'
* * * Unknown command.
It was a potion o' curin'.
Ye feel better.
Tha ogre hits ye wit' a +0 giant club!!
Ye die...

######
####(...##
#.@Oo....#
#.##.....#
#.##.o...#
#.##..).)#
#.##.....#
#.##.....#
#.##.....#
#.##......
#.##########


You could see an ogre, an orc wizard and an orc.

Vanquished Creatures
  A scorpion (D:3)
  A crimson imp (D:4)
  Jessica (D:2)
  3 adders
  A worm (D:2)
  4 dart slugs
  An orc (D:4)
  9 bats
  3 giant cockroaches
  6 goblins
  5 hobgoblins
  3 quokkas
  A ball python (D:1)
  3 frilled lizards (D:2)
  13 kobolds
  6 rats
61 creatures vanquished.

Notes
Turn   | Place    | Note
-------+----------+-------------------------------------------
     0 | D:1      | BoppinsLewinski the Centaur Fighter began the quest for the
                  | Orb.
     0 | D:1      | Reached XP level 1. HP: 19/19 MP: 1/1
    13 | D:1      | Reached skill level 2 in Axes
   122 | D:1      | Reached XP level 2. HP: 26/26 MP: 2/2
   293 | D:1      | Reached skill level 3 in Axes
   466 | D:1      | Reached XP level 3. HP: 31/31 MP: 3/3
  1306 | D:2      | Noticed Jessica
  1311 | D:2      | Killed Jessica
  1311 | D:2      | Reached skill level 4 in Axes
  1311 | D:2      | Reached XP level 4. HP: 26/38 MP: 4/4
  1654 | D:3      | Reached XP level 5. HP: 45/45 MP: 5/5
  1702 | D:3      | Found a transporter.
  1713 | D:3      | Found a transporter.
  1840 | D:3      | Found a stormy altar of Qazlal.
  2164 | D:3      | Found a faded altar of an unknown god.
  2318 | D:4      | Reached skill level 5 in Axes
  2506 | D:4      | Noticed an ogre
  2517 | D:4      | Mangled by an ogre

Levels and vault maps discovered:
D:1:      giann_bridges, layout_loops_ring, minmay_misc_feat_more_columns,
          st_stairs_6
D:2:      layout_loops_corners, first_ration, kennysheep_donut,
          kennysheep_jessica_study
D:3:      gammafunk_steamed_eel, layout_basic, grunt_qazlal_clouds,
          chequers_ecumenical_altar_twisty, chequers_serial_rivers_small_b
D:4:      layout_basic, kennysheep_little_box, lemuel_doored_altar,
          minmay_temple_entry_waves, uniq_duvessa

Skill      XL: |  1  2  3  4  5 |
---------------+----------------+-----
Axes           | 2 3 4 5 |  5.3
Fighting       | |  3.0
Armour         | |  2.1
Shields        | |  2.1

Action                   |  1- 3 |  4- 6 || total
-------------------------+-------+-------++-------
Melee: War axe           |    69 |    65 ||   134
       Kick              |    14 |    17 ||    31
  Use: Potion            |       |     2 ||     2
  Eat: Chunk             |       |     2 ||     2
Armor: Scale mail        |    38 |    28 ||    66
Dodge: Dodged            |    18 |    20 ||    38
Block: Shield            |    34 |    17 ||    51

Table legend:
 A = Non-vault XP
 B = Vault XP
 C = Vault XP percentage of total XP
 D = Non-vault monster count
 E = Vault monster count
 F = Vault count percentage of total count
                 A         B        C        D         E       F
            +---------+---------+-------+---------+---------+-------
      Total |     245 |      44 |  15.2 |      56 |       5 |   8.2
            +---------+---------+-------+---------+---------+-------
        D:1 |      37 |       5 |  11.9 |      21 |       3 |  12.5
        D:2 |      33 |      39 |  54.2 |      14 |       2 |  12.5
        D:3 |     110 |       0 |   0.0 |      17 |       0 |   0.0
        D:4 |      65 |       0 |   0.0 |       4 |       0 |   0.0
            +---------+---------+-------+---------+---------+-------
